Map: Romanticide LE

Players

Lambo

  • Race: Zerg Zerg
  • League: Grandmaster

Reynor - Winner!

  • Race: Zerg Zerg
  • League: Master

Event: DreamHack SC2 Masters 2021 Summer

VOD

Have the link to the VOD?

Description

Time

  • Played on: June 6, 2021, 12:41 p.m.
  • Length: 14:20

All games in this series

Show
View Real Time Build Order
Export as new Build Order

Lambo Zerg 

Build Orders: Hatch First 

Get SALT Encoding   

  12  0:00  Drone  
  13  0:12  Overlord  
  13  0:16  Drone  
  14  0:30  Drone x2  
  16  0:47  Hatchery  
  15  0:51  Drone  
  15  0:55  Drone  
  17  0:58  Drone  
  18  1:09  Extractor  
  17  1:12  Spawning Pool  
  17  1:16  Drone  
  17  1:19  Drone  
  18  1:27  Drone  
  19  1:38  Drone  
  20  1:49  Drone  
  21  1:59  Queen x2  
  21  2:00  Zergling x2, Overlord  
  26  2:08  Metabolic Boost  
  26  2:10  Drone  
  26  2:11  Drone  
  28  2:20  Drone  
  28  2:21  Zergling x2  
  30  2:32  Drone  
  30  2:35  Hatchery  
  30  2:41  Drone  
  30  2:42  Drone  
  32  2:49  Baneling Nest  
  31  2:55  Drone, Overlord  
  31  2:59  Zergling x2  
  31  3:04  Drone  
  31  3:05  Drone  
  34  3:10  Drone  
  35  3:14  Drone x2  
  35  3:15  Zergling x6  
  40  3:20  Overlord  
  40  3:27  Evolution Chamber  
  40  3:28  Zergling x2  
  40  3:29  Queen  
  40  3:33  Baneling x3  
  42  3:36  Zergling x2  
  43  3:45  Drone x3  
  43  3:46  Drone x3  
  49  3:50  Drone x2  
  49  3:54  Drone x2  
  52  4:06  Extractor, Roach Warren  
  52  4:08  Overlord  
  50  4:10  Drone x2  
  50  4:14  Drone x2  
  54  4:17  Drone x2  
  54  4:23  Drone  
  56  4:29  Extractor  
  55  4:34  Roach Warren  
  55  4:37  Overlord  
  54  4:41  Overlord  
  54  4:54  Roach x7  
  54  4:59  Roach x4  
  73  5:05  Roach  
  76  5:13  Roach x2  
  80  5:14  Overlord  
  80  5:16  Roach  
  80  5:17  Overlord  
  80  5:18  Overlord  
  80  5:21  Overlord  
  82  5:25  Overlord  
  81  5:32  Baneling x7  
  81  5:34  Zergling x8  
  85  5:36  Zergling x10  
  85  5:40  Zergling x4  
  92  5:49  Zergling x10  
  97  5:52  Zergling x2  
  98  6:03  Zergling x8  
  98  6:07  Zergling x6  
  95  6:15  Ravager x2  
  95  6:16  Zergling x14  
  101  6:23  Zergling x4  
  101  6:24  Lair, Roach x2  
  98  6:29  Ravager  
  98  6:30  Drone x3  
  102  6:36  Zerg Missile Weapons Level 1  
  102  6:37  Drone x2  
  103  6:40  Ravager x2  
  103  6:43  Drone  
  104  6:47  Drone  
  104  6:52  Drone x5  
  110  6:58  Evolution Chamber  
  110  6:59  Drone  
  114  7:01  Drone x5  
  114  7:07  Drone x3  
  116  7:11  Overlord  
  116  7:12  Drone, Extractor  
  116  7:14  Drone  
  118  7:22  Drone  
  118  7:23  Drone  
  118  7:24  Zerg Ground Armor Level 1  
  118  7:27  Overseer  
  118  7:29  Drone x2  
  121  7:31  Extractor, Glial Reconstitution  
  121  7:32  Extractor  
  121  7:34  Overlord  
  121  7:35  Roach x4  
  127  7:39  Hydralisk Den  
  127  7:41  Overlord  
  127  7:43  Drone x3  
  129  7:55  Overlord  
  129  7:59  Overlord  
  129  8:04  Drone  
  123  8:09  Roach x3  
  123  8:10  Overlord  
  123  8:12  Roach x4  
  137  8:14  Drone  
  137  8:15  Hydralisk x5  
  148  8:20  Hydralisk x2  
  148  8:24  Pneumatized Carapace  
  148  8:26  Spore Crawler  
  151  8:27  Spore Crawler  
  151  8:28  Spore Crawler  
  151  8:29  Hydralisk  
  151  8:33  Drone x2  
  151  8:34  Spore Crawler  
  152  8:36  Grooved Spines  
  152  8:40  Overlord  
  152  8:41  Drone  
  152  8:47  Overlord  
  153  8:57  Overlord  
  153  8:58  Overlord  
  149  9:05  Roach x6  
  149  9:07  Overlord  
  149  9:08  Roach x3  
  167  9:12  Roach  
  167  9:14  Ravager  
  170  9:18  Roach x3  
  170  9:23  Roach x4  
  182  9:26  Roach x2  
  186  9:32  Roach x4  
  194  9:40  Overlord  
  194  9:45  Overlord  
  194  9:48  Overlord  
  194  9:49  Zerg Missile Weapons Level 2  
  193  9:55  Ravager  
  193  9:59  Roach x3  
  199  10:01  Hatchery  
  198  10:12  Roach x3  
  191  10:15  Roach  
  191  10:19  Roach x7  
  171  10:22  Roach  
  171  10:24  Roach  
  171  10:26  Roach  
  171  10:27  Roach  
  162  10:29  Roach  
  162  10:30  Roach  
  158  10:35  Roach x3  
  158  10:38  Roach  
  158  10:41  Roach x2  
  148  10:45  Roach  
  148  10:47  Roach  
  133  10:51  Roach x2  
  127  10:57  Muscular Augments  
  127  10:58  Roach x2  
  127  11:02  Hydralisk  
  131  11:04  Zerg Ground Armor Level 2  
  131  11:07  Hydralisk  
  131  11:10  Ravager x2  
  131  11:11  Hydralisk  
  135  11:13  Hydralisk  
  139  11:20  Hydralisk  
  139  11:21  Hydralisk x2  
  145  11:25  Hydralisk  
  145  11:28  Extractor  
  145  11:30  Roach x2  
  152  11:32  Roach  
  152  11:33  Roach  
  155  11:43  Hydralisk x3  
  160  11:54  Roach  
  160  11:59  Ravager  
  160  12:00  Ravager  
  160  12:01  Hatchery, Roach x3  
  169  12:04  Roach x2  
  177  12:08  Roach x2  
  177  12:13  Roach x2  
  179  12:16  Roach  
  179  12:20  Roach x2  
  179  12:22  Roach  
  185  12:26  Roach  
  185  12:28  Roach  
  167  12:31  Roach x3  
  167  12:33  Roach  
  161  12:37  Roach  
  161  12:39  Roach x2  
  165  12:45  Roach x4  
  165  12:48  Roach  
  175  12:54  Ravager  
  175  12:57  Roach x4  
  179  13:00  Roach  
  179  13:04  Roach x6  
  193  13:10  Extractor  
  193  13:12  Ravager  
  193  13:13  Roach x2  
  193  13:16  Roach  
  199  13:32  Hatchery, Roach x2  
  200  13:46  Roach x2  
  200  13:47  Roach  
  184  13:50  Roach x8  
  184  13:53  Roach  
  154  13:56  Roach  
  154  13:57  Roach  
  154  14:00  Roach  
Show
View Real Time Build Order
Export as new Build Order

Reynor Zerg - Winner!

Build Orders: Hatch First 

Get SALT Encoding   

  12  0:00  Drone  
  13  0:11  Overlord  
  13  0:16  Drone  
  14  0:30  Drone x2  
  16  0:47  Hatchery  
  15  0:50  Drone  
  15  0:53  Drone  
  15  0:57  Drone  
  18  1:05  Extractor  
  17  1:12  Spawning Pool  
  17  1:15  Drone  
  17  1:18  Drone  
  18  1:27  Drone  
  19  1:38  Drone  
  20  1:49  Drone  
  21  1:58  Queen x2  
  21  1:59  Zergling x2  
  21  2:00  Overlord  
  26  2:07  Metabolic Boost  
  26  2:10  Drone  
  26  2:12  Drone  
  28  2:23  Drone, Zergling x2  
  30  2:33  Hatchery  
  30  2:36  Drone  
  30  2:38  Drone  
  31  2:45  Overlord  
  31  2:47  Drone  
  32  2:57  Zergling x4  
  34  3:05  Baneling Nest  
  34  3:06  Zergling x8  
  34  3:07  Drone  
  34  3:08  Drone  
  34  3:10  Zergling x2  
  40  3:14  Overlord  
  40  3:25  Drone x2, Queen  
  44  3:29  Evolution Chamber  
  44  3:31  Drone  
  44  3:33  Drone  
  45  3:37  Drone x2  
  47  3:43  Drone x2  
  47  3:44  Drone  
  50  3:49  Overlord  
  50  3:50  Drone  
  50  3:59  Drone x5  
  54  4:04  Zerg Missile Weapons Level 1  
  54  4:05  Drone  
  54  4:07  Drone  
  56  4:12  Drone x2  
  56  4:14  Overlord  
  58  4:21  Drone x2  
  58  4:22  Drone x3, Baneling  
  62  4:28  Drone  
  62  4:29  Roach Warren  
  62  4:31  Extractor  
  61  4:32  Extractor, Drone x2  
  61  4:36  Overlord  
  61  4:37  Drone x2  
  64  4:39  Drone  
  64  4:42  Lair  
  65  4:50  Overlord  
  65  4:52  Drone x4  
  69  4:53  Drone  
  70  5:00  Drone x3  
  70  5:01  Overlord  
  70  5:04  Baneling x2  
  70  5:06  Extractor  
  72  5:07  Zergling x2  
  72  5:10  Overlord  
  72  5:11  Drone  
  74  5:17  Overlord  
  74  5:19  Drone x3  
  74  5:20  Drone x2  
  79  5:21  Extractor  
  79  5:22  Extractor  
  79  5:23  Overlord  
  79  5:25  Roach  
  79  5:27  Spine Crawler  
  77  5:32  Spine Crawler  
  77  5:33  Roach x3  
  86  5:35  Roach  
  86  5:36  Roach x2  
  86  5:42  Overlord  
  90  5:43  Spine Crawler, Roach  
  90  5:44  Spine Crawler  
  90  5:47  Roach x4  
  98  5:52  Spine Crawler  
  98  5:53  Evolution Chamber  
  98  5:54  Roach x3  
  101  6:00  Overlord  
  101  6:01  Roach x2  
  105  6:08  Roach x2  
  102  6:11  Roach  
  102  6:18  Roach x2  
  82  6:33  Zergling x4  
  82  6:35  Spire  
  82  6:39  Roach  
  85  6:43  Roach Warren  
  85  6:44  Roach  
  86  6:48  Roach  
  86  6:49  Overseer, Evolution Chamber  
  86  6:51  Roach  
  86  6:52  Baneling x2  
  89  6:55  Baneling  
  89  7:01  Baneling  
  89  7:02  Zergling x6  
  89  7:03  Zergling x2  
  91  7:10  Overlord  
  91  7:16  Hatchery  
  91  7:20  Zerg Missile Weapons Level 2  
  91  7:21  Overlord  
  90  7:27  Drone x5  
  90  7:29  Drone x2  
  98  7:30  Drone  
  98  7:31  Glial Reconstitution  
  98  7:37  Drone, Overlord  
  98  7:42  Baneling  
  98  7:43  Baneling  
  100  7:44  Drone x3  
  100  7:49  Mutalisk  
  104  7:51  Mutalisk  
  104  7:56  Mutalisk  
  108  8:00  Mutalisk, Overlord  
  108  8:05  Drone x5  
  113  8:10  Mutalisk  
  115  8:14  Extractor, Drone  
  115  8:16  Extractor  
  114  8:20  Evolution Chamber  
  114  8:21  Mutalisk  
  114  8:25  Overlord  
  115  8:27  Drone x2  
  117  8:37  Baneling x4  
  117  8:43  Drone x2  
  119  8:49  Hatchery, Roach x5  
  125  9:06  Roach x6  
  137  9:11  Overlord  
  137  9:12  Ravager x3  
  140  9:20  Roach x5  
  150  9:25  Overlord  
  150  9:27  Baneling x2  
  150  9:29  Roach x3  
  156  9:33  Ravager  
  156  9:35  Overlord  
  156  9:37  Roach x2  
  161  9:41  Overlord  
  161  9:44  Overlord  
  161  9:46  Roach x2  
  161  9:52  Roach x2  
  168  9:57  Ravager x3  
  171  10:00  Roach x4  
  171  10:03  Roach x2  
  183  10:14  Roach x6  
  183  10:17  Roach  
  183  10:20  Roach x4  
  178  10:25  Roach x3  
  142  10:29  Roach  
  142  10:34  Roach x2  
  125  10:41  Roach x2  
  112  10:46  Roach x2  
  101  10:51  Roach x2  
  101  10:55  Roach x2  
  107  11:02  Roach x3  
  114  11:04  Ravager x2  
  114  11:05  Ravager  
  114  11:10  Roach x2  
  120  11:14  Roach x2  
  120  11:18  Roach  
  126  11:22  Roach x2  
  126  11:24  Roach  
  132  11:28  Zerg Ground Armor Level 1  
  132  11:32  Drone x2  
  134  11:35  Roach x2  
  134  11:37  Ravager x2  
  142  11:40  Roach  
  142  11:44  Roach x2  
  142  11:46  Ravager  
  147  11:51  Roach x2  
  147  11:52  Roach  
  153  11:56  Roach x2  
  153  11:59  Roach  
  159  12:03  Roach x2  
  159  12:06  Ravager, Roach  
  166  12:11  Roach x2  
  170  12:18  Roach x3  
  178  12:23  Roach x2  
  178  12:28  Roach x3  
  168  12:31  Roach  
  168  12:35  Roach x2  
  168  12:37  Drone x2  
  168  12:39  Ravager x2  
  168  12:41  Roach  
  174  12:45  Roach x2  
  174  12:47  Drone  
  174  12:50  Ravager x2  
  181  12:52  Roach x2  
  181  12:56  Roach  
  187  13:03  Roach x4  
  193  13:07  Overseer  
  193  13:09  Roach  
  195  13:14  Roach x2  
  199  13:22  Ravager  
  199  13:26  Spine Crawler  
  199  13:27  Spine Crawler  
  195  13:34  Roach x2  
  199  13:48  Roach x10  
  200  13:51  Roach x3  
  200  13:54  Roach x2  
  142  14:17  Ravager x2  
Tags
 
Add a new tag
Caveats
  • Supply blocks, unpowered buildings, or Contaminate may cause inaccurate times.
  • Supply counts are checked every 10 seconds.